 Dungeon Crawl Stone Soup version 0.23.2-11-gf996548c65 (webtiles) character file.

Game seed: 8249006354852790638

5315 goulibeur the Fighter (level 10, -1/135 HPs)
             Began as a Minotaur Fighter on May 30, 2019.
             Was a Believer of Trog.
             Killed from afar by a fire dragon (17 damage)
             ... with a blast of flame
             ... on level 9 of the Dungeon on June 3, 2019.
             The game lasted 00:29:38 (9239 turns).

goulibeur the Fighter (Minotaur Fighter)            Turns: 9239, Time: 00:29:40

Health: -1/135     AC: 18    Str: 27    XL:     10   Next: 37%
Magic:  9/9        EV:  9    Int:  5    God:    Trog [**....]
Gold:   518        SH: 12    Dex: 12    Spells: 9/9 levels left

rFire    . . .     SeeInvis .   a - +0 flail
rCold    . . .     Gourm    .   c - +0 shield
rNeg     . . .     Faith    .   A - +0 plate armour
rPois    .         Spirit   .   (helmet restricted)
rElec    .         Reflect  .   (no cloak)
rCorr    .         Harm     .   C - +0 pair of gloves
MR       .....                  m - +2 pair of boots {Stlth+}
Stlth    ..........             (no amulet)
HPRegen  0.32/turn              (no ring)
MPRegen  0.11/turn              (no ring)

@: mighty, berserking, very quick
A: retaliatory headbutt, horns 2
a: Berserk, Trog's Hand, Renounce Religion


You were on level 9 of the Dungeon.
You worshipped Trog.
Trog was pleased with you.
You were very hungry.

You visited 1 branch of the dungeon, and saw 9 of its levels.

You collected 518 gold pieces.

Inventory:

Hand Weapons
 a - a +0 flail (weapon)
Missiles
 h - 43 poisoned needles (quivered)
 p - 13 tomahawks
 u - 64 sling bullets
Armour
 c - a +0 shield (worn)
 m - a +2 pair of boots of stealth (worn)
 A - a +0 plate armour (worn)
 C - a +0 pair of gloves (worn)
Jewellery
 i - an uncursed amulet of rage
 k - an uncursed ring of protection from fire {unknown}
 z - a +5 ring of protection {unknown}
 F - an uncursed ring of ice {unknown}
Wands
 D - a wand of paralysis (6)
Scrolls
 b - a scroll of enchant armour {unknown}
 e - 6 scrolls of teleportation {unknown}
 l - 8 scrolls of remove curse
 o - 3 scrolls of immolation {unknown}
 q - 2 scrolls of magic mapping {unknown}
 r - a scroll of noise {unknown}
 w - a scroll of amnesia {unknown}
 y - a scroll of blinking {unknown}
 B - a scroll of vulnerability {unknown}
 E - a scroll of identify
Potions
 d - 2 potions of might
 g - a potion of magic
 j - 2 potions of lignification
 n - 2 potions of haste
 s - 3 potions of curing
 t - a potion of flight
 x - a potion of heal wounds {unknown}
Comestibles
 f - 13 rations


   Skills:
 + Level 8.5 Fighting
 + Level 7.9 Maces & Flails
 + Level 6.1 Throwing
 + Level 8.4 Armour
 + Level 6.7 Dodging
 + Level 8.4 Shields


You had 9 spell levels left.
You didn't know any spells.
Your spell library was empty.

Dungeon Overview and Level Annotations

Branches:
Dungeon (9/15)             Temple (0/1) D:6            Lair (0/6) D:8
    Orc: D:9-12

Altars:
Ashenzari
Elyvilon
Gozag
Hepliaklqana
Kikubaaqudgha
Nemelex Xobeh
Sif Muna
Trog
Vehumet
Wu Jian
Xom
Yredelemnul
Zin
The Shining One

Shops:
D:7 *

Annotations:
D:5 exclusion: statue
D:7 1 runed translucent door, xveg's ghost, novice HaHu


Innate Abilities, Weirdness & Mutations

You reflexively headbutt those who attack you in melee.
You have a pair of horns on your head.


Message History

You destroy the necrophage!
Trog accepts your kill.
A phantom comes into view.
A fire dragon comes into view.
The sentinel's mark upon you fades away.
The fire dragon breathes flames at you. The blast of flame hits you!!
The phantom blinks!
The phantom blinks!
The fire dragon breathes flames at you. The blast of flame hits you!!
The fire dragon breathes flames at you. The blast of flame hits you!!
* * * LOW HITPOINT WARNING * * *
You feel very mighty all of a sudden.
A red film seems to cover your vision as you go berserk!
You feel yourself moving faster!
You feel mighty!
You are feeling very hungry.
The fire dragon breathes flames at you. The blast of flame hits you!
You die...

..## ##........................
.#######.......#................
...#.#(.......###.............
.........[.....##..........ยง
##.......####.............#
##..#..........##..W......#
#.......##..#..##.........#
#.......##..#...#........##
.........#....#.@D.......#
..##.....................# ###
#..#.......#.........#
###......##.#....).###
######......##.....#
####............##
##..#......##....#
#...........#...##
#..............##


You could see a fire dragon and a phantom.

Vanquished Creatures
  Erica (D:8)
  A tengu warrior (D:9)
  A troll (D:9)
  A hippogriff (D:8)
  A wyvern (D:8)
  3 orc warriors
  An ice beast (D:7)
  A necrophage (D:9)
  A phantom (D:7)
  An ogre (D:7)
  A black bear (D:9)
  5 centaurs
  A crocodile (D:9)
  2 big kobolds (D:7)
  4 bullfrogs
  5 scorpions
  5 wights (D:8)
  A howler monkey (D:7)
  A crimson imp (D:8)
  2 jellies
  9 hounds
  A centaur skeleton (D:5)
  7 orc priests
  3 iguanas
  Terence (D:2)
  A bullfrog skeleton (D:4)
  11 orc wizards
  4 worker ants
  A hound skeleton (D:5)
  4 gnolls (D:9)
  10 adders
  4 shadow imps
  3 oozes
  2 worms
  2 dart slugs
  4 leopard geckos
  31 orcs
  7 bats
  4 giant cockroaches
  4 goblins
  4 hobgoblins
  10 jackals
  5 quokkas
  2 ball pythons
  2 frilled lizards
  2 gnoll zombies (D:4)
  14 kobolds
  A leopard gecko zombie (D:9)
  10 rats
202 creatures vanquished.

Vanquished Creatures (others)
  An orc wizard (D:6)
1 creature vanquished.

Grand Total: 203 creatures vanquished

Notes
Turn   | Place    | Note
-------+----------+-------------------------------------------
     0 | D:1      | goulibeur the Minotaur Fighter began the quest for the Orb.
     0 | D:1      | Reached XP level 1. HP: 19/19 MP: 0/0
    64 | D:1      | Reached XP level 2. HP: 21/27 MP: 1/1
   680 | D:2      | Reached skill level 1 in Dodging
   680 | D:2      | Reached XP level 3. HP: 29/33 MP: 2/2
  1065 | D:2      | Reached skill level 1 in Throwing
  1073 | D:2      | Noticed Terence
  1087 | D:2      | Killed Terence
  1087 | D:2      | Reached XP level 4. HP: 40/40 MP: 3/3
  1199 | D:2      | Found a sparkling altar of Nemelex Xobeh.
  1200 | D:2      | Found an opulent altar of Gozag.
  1417 | D:3      | Noticed a bullfrog
  1430 | D:3      | Killed a bullfrog
  1430 | D:3      | Reached XP level 5. HP: 45/47 MP: 4/4
  1969 | D:3      | Reached XP level 6. HP: 49/53 MP: 5/5
  2050 | D:3      | Found a glowing silver altar of Zin.
  2051 | D:3      | Found a white marble altar of Elyvilon.
  2052 | D:3      | Found a glowing golden altar of the Shining One.
  2272 | D:4      | Reached skill level 5 in Fighting
  2272 | D:4      | Reached skill level 5 in Shields
  2471 | D:4      | Reached skill level 5 in Armour
  2938 | D:4      | Reached XP level 7. HP: 61/61 MP: 6/6
  3322 | D:4      | Found a basalt altar of Yredelemnul.
  3764 | D:5      | Entered Level 5 of the Dungeon
  4040 | D:5      | Found a bloodstained altar of Trog.
  4085 | D:5      | Became a worshipper of Trog the Wrathful
  4413 | D:5      | Found a radiant altar of Vehumet.
  4440 | D:5      | Found an ancient bone altar of Kikubaaqudgha.
  4680 | D:5      | Found a hazy altar of Hepliaklqana.
  4926 | D:6      | Reached skill level 5 in Maces & Flails
  4930 | D:6      | Reached XP level 8. HP: 57/70 MP: 7/7
  4948 | D:6      | HP: 3/70 [orc warrior/+0 scimitar (9)]
  5462 | D:6      | Found a staircase to the Ecumenical Temple.
  6423 | D:6      | Upgraded the game from 0.23.2-1-ga50397a to
                  | 0.23.2-11-gf996548c65
  6482 | D:7      | Reached * piety under Trog
  6751 | D:7      | Reached skill level 5 in Dodging
  6818 | D:7      | Reached XP level 9. HP: 78/78 MP: 8/8
  7025 | D:7      | Found Impaseduq's Assorted Antiques.
  7090 | D:7      | Found a runed translucent door.
  7090 | D:7      | Found a shimmering altar of Xom.
  7090 | D:7      | Noticed a +0 trident of chaos
  7090 | D:7      | Noticed xveg's ghost (novice HaHu)
  7137 | D:7      | Found a shattered altar of Ashenzari.
  7137 | D:7      | Found an ornate altar of the Wu Jian Council.
  7531 | D:8      | Found a hazy altar of Hepliaklqana.
  7538 | D:8      | Reached skill level 5 in Throwing
  7598 | D:8      | Reached ** piety under Trog
  7828 | D:8      | Found a deep blue altar of Sif Muna.
  8235 | D:8      | Found a staircase to the Lair.
  8310 | D:9      | Noticed a tengu warrior
  8313 | D:9      | Noticed Erica
  8524 | D:8      | Killed Erica
  8524 | D:8      | Reached XP level 10. HP: 88/88 MP: 9/9
  8637 | D:9      | Killed a tengu warrior
  9226 | D:9      | Noticed a fire dragon
  9239 | D:9      | Killed from afar by a fire dragon

Skill      XL: |  1  2  3  4  5  6  7  8  9 10 |
---------------+-------------------------------+-----
Fighting       | 4 5 6 8 |  8.5
Dodging        | 1 2 3 5 6 |  6.7
Shields        | 4 5 6 8 |  8.4
Maces & Flails | 3 4 5 6 7 |  7.9
Armour         | 4 5 6 8 |  8.4
Throwing       | 1 2 3 4 5 6 |  6.1

Action                   |  1- 3 |  4- 6 |  7- 9 | 10-12 || total
-------------------------+-------+-------+-------+-------++-------
Melee: Flail             |    97 |   157 |   464 |    65 ||   783
       Headbutt          |    10 |    32 |   105 |    11 ||   158
Invok: Berserk           |       |       |     1 |     2 ||     3
  Use: Scroll            |       |       |     8 |       ||     8
       Potion            |       |       |     1 |     1 ||     2
  Eat: Chunk             |     1 |     6 |    11 |     1 ||    19
       Ration            |       |       |     2 |     1 ||     3
Armor: Scale mail        |    60 |    63 |    26 |       ||   149
       Chain mail        |       |       |   119 |       ||   119
       Plate armour      |       |       |   102 |    54 ||   156
Dodge: Dodged            |    31 |    55 |   171 |    32 ||   289
Block: Shield            |    49 |   102 |   288 |    53 ||   492
